 Dungeon Crawl Stone Soup version 0.30.1-11-g7821555f0a (webtiles) character file.

Game seed: 1972592434123493639

447 BadNewsBrown the Chopper (level 7, -3/68 HPs)
             Began as an Ogre Gladiator on Nov 27, 2023.
             Slain by an ice beast (6 damage)
             ... on level 5 of the Dungeon.
             The game lasted 00:04:36 (1120 turns).

BadNewsBrown the Chopper (Ogre Gladiator)           Turns: 1120, Time: 00:04:36

Health: -3/68      AC:  3    Str: 19    XL:     7   Next: 3%
Magic:  9/9        EV: 10    Int: 11    God:
Gold:   105        SH:  0    Dex: 10    Spells: 7/9 levels left

rFire   . . .        f - +0 battleaxe
rCold   . . .        (shield currently unavailable)
rNeg    . . .        b - +0 robe
rPois   .            c - +0 hat
rElec   .            (no cloak)
rCorr   .            (gloves unavailable)
SInv    .            (boots unavailable)
Will    .....        (no amulet)
Stlth   +            (no ring)
HPRegen 0.31/turn    (no ring)
MPRegen 0.11/turn

%: no passive effects
@: no status effects
A: large, unfitting armour, tough skin 1
a: no special abilities


You were on level 5 of the Dungeon.
You visited 1 branch of the dungeon, and saw 5 of its levels.

You collected 105 gold pieces.

Inventory:

Hand Weapons
 f - a +0 battleaxe (weapon)
Missiles
 e - a large rock (quivered)
 i - 4 curare-tipped darts
 m - a throwing net
Armour
 b - a +0 robe (worn)
 c - a +0 hat (worn)
Wands
 l - a wand of polymorph (5)
Scrolls
 a - a scroll of enchant armour {unknown}
 g - a scroll of identify {unknown}
 h - a scroll of vulnerability {unknown}
 j - a scroll of noise {unknown}
 k - a scroll of teleportation
Potions
 d - a potion of flight {unknown}


   Skills:
 * Level 3.8 Fighting
 * Level 5.1 Axes
 * Level 2.7 Throwing
 * Level 1.2 Armour
 * Level 3.5 Dodging
 * Level 1.2 Stealth
 * Level 1.7 Spellcasting
 * Level 1.2 Summonings
 * Level 1.0 Evocations


You had 7 spell levels left.
You knew the following spells:

 Your Spells              Type           Power      Damage    Failure   Level
a - Call Imp              Summ           6%         N/A       26%         2

Your spell library contained the following spells:

 Spells                   Type           Power      Damage    Failure   Level
 Magic Dart               Conj           0%         1d3       30%         1
 Mephitic Cloud           Conj/Pois/Air  0%         N/A       65%         3


Dungeon Overview and Level Annotations

Branches:
Dungeon (5/15)
 Temple: D:4-7

Altars:
Zin


Innate Abilities, Weirdness & Mutations

You are too large for most types of armour.
You have tough skin. (AC +1)


Message History

You slash the adder!
You kill the adder!
You feel sick.
You feel sick.
You feel sick.
You are no longer poisoned.
d - a fizzy golden potion
m - a throwing net
Found a glowing silver altar of Zin.
An ice beast comes into view.
You see here 11 gold pieces.
You now have 105 gold pieces (gained 11).
Throw: large rock
Press: ? - help, Q - select action, (/) - cycle Shift-Dir - straight line, f - ice beast
Aim: an ice beast (57% to hit)
Okay, then.
Aiming: Polymorph
Press: ? - help, Shift-Dir - straight line, f - ice beast
Aim: an ice beast (will become a golden eye, a tengu, or a fire bat, chance to affect: 50%)
Okay, then.
You hit the ice beast.
The ice beast is lightly wounded.
The ice beast hits you. The ice beast freezes you.
You closely miss the ice beast.
The ice beast is lightly wounded.
The ice beast hits you but does no damage.
The ice beast hits you. The ice beast freezes you!
* * * LOW HITPOINT WARNING * * *
You hit the ice beast.
The ice beast is moderately wounded.
The ice beast hits you.
* * * LOW HITPOINT WARNING * * *
The ice beast freezes you!
* * * LOW HITPOINT WARNING * * *
You barely miss the ice beast.
The ice beast is moderately wounded.
The ice beast closely misses you. The ice beast hits you.
* * * LOW HITPOINT WARNING * * *
The ice beast freezes you.
You die...

.# ..# #### ..##.#. ##
##.#.#.##.##
##........._#
#......#....## ....
##....#Y....##
....##......@.....#
..................#
.................#####
#..............##...#
..................>#
...#................#
....#................
###....#............
######..........##


You could see an ice beast.

Vanquished Creatures
  Edmund (D:5)
  A water moccasin (D:5)
  A phantom (D:5)
  A gnoll sergeant (D:2)
  An orc priest (D:3)
  3 gnolls (D:2)
  An adder (D:5)
  4 orcs (D:3)
  A bat (D:2)
  An endoplasm (D:1)
  2 giant cockroaches (D:1)
  A goblin (D:1)
  2 hobgoblins (D:2)
  A quokka (D:5)
  A frilled lizard (D:1)
  5 kobolds
  2 rats
29 creatures vanquished.

Notes
Turn   | Place    | Note
-------+----------+-------------------------------------------
     0 | D:1      | BadNewsBrown the Ogre Gladiator began the quest for the
                  | Orb.
     0 | D:1      | Reached XP level 1. HP: 22/22 MP: 1/1
   214 | D:1      | Reached XP level 2. HP: 27/29 MP: 2/2
   555 | D:2      | Reached XP level 3. HP: 37/37 MP: 3/3
   558 | D:2      | Learned a level 2 spell: Call Imp
   564 | D:2      | Noticed a gnoll sergeant
   569 | D:2      | Found the +5 woodcutter's axe
   580 | D:2      | Killed a gnoll sergeant
   581 | D:2      | Reached skill level 4 in Axes
   581 | D:2      | Reached XP level 4. HP: 23/45 MP: 3/5
   671 | D:3      | Reached XP level 5. HP: 32/52 MP: 6/6
   674 | D:3      | Reached skill level 1 in Spellcasting
   914 | D:5      | Entered Level 5 of the Dungeon
   921 | D:5      | Noticed a phantom
   925 | D:5      | Killed a phantom
   926 | D:5      | Reached skill level 1 in Stealth
   943 | D:5      | Noticed Edmund
   952 | D:5      | Killed Edmund
   953 | D:5      | Reached skill level 1 in Armour
   953 | D:5      | Reached skill level 1 in Summonings
   953 | D:5      | Reached XP level 6. HP: 40/62 MP: 6/8
   975 | D:5      | Noticed a water moccasin
  1006 | D:5      | Killed a water moccasin
  1007 | D:5      | Reached skill level 5 in Axes
  1007 | D:5      | Reached skill level 1 in Evocations
  1007 | D:5      | Reached XP level 7. HP: 27/68 MP: 9/9
  1107 | D:5      | Found a glowing silver altar of Zin.
  1120 | D:5      | HP: 3/68 [ice beast (3)]
  1120 | D:5      | Slain by an ice beast

Illustrated notes

Levels and vault maps discovered:
D:1:      scummos_arrival_checkerplants, layout_loops_ring
D:2:      layout_loops_ring, ebering_ecumenical_altar_abandoned,
          pf_guarded_unrand_woodcutter, uniq_robin
D:3:      layout_loops_cross, nicolae_vehumet_altar_sigil,
          nicolae_ru_path_of_blood, amcnicky_altar_gilded, uniq_ijyb,
          uniq_jessica
D:4:      layout_loops_ring, dancing_weapons_uskayaw, uniq_duvessa
D:5:      nicolae_cairo_tiling, layout_cave_pools, overflow_temple_1_default,
          uniq_grinder, uniq_blork_the_orc, uniq_edmund

Skill      XL: |  1  2  3  4  5  6 |
---------------+-------------------+-----
Fighting       | 3 |  3.8
Dodging        | 3 |  3.5
Axes           | 4 5 |  5.1
Spellcasting   | 1 |  1.7
Stealth        | 1 |  1.2
Armour         | 1 |  1.2
Summonings     | 1 |  1.2
Evocations     | 1 |  1.0
Throwing       | |  2.7

Action                     |  1- 3 |  4- 6 |  7- 9 || total
---------------------------+-------+-------+-------++-------
  Melee: Battleaxe         |    25 |    37 |    12 ||    74
         War axe           |     8 |       |       ||     8
  Throw: Throwing net      |       |     4 |       ||     4
  Evoke: Wand              |     4 |     2 |       ||     6
    Use: Scroll            |       |     1 |       ||     1
         Potion            |       |     1 |       ||     1
 Armour: Robe              |    10 |     5 |     5 ||    20
         Skin              |       |    14 |       ||    14
  Dodge: Dodged            |    17 |    23 |     7 ||    47
